 Dungeon Crawl Stone Soup version bcrawl-1.12.2 (webtiles) character file.

Game seed: 8893575791071721639

79 Ebbett the Sneak (level 4, -4/32 HPs)
             Began as a Human Archaeologist on July 23, 2019.
             Slain by a gnoll
             ... wielding a +0 club
              (7 damage)
             ... on level 3 of the Dungeon.
             The game lasted 00:05:26 (1600 turns).

Ebbett the Sneak (Human Archaeologist)              Turns: 1600, Time: 00:05:27

Health: -4/32      AC:  8    Str: 15    XL:     4   Next: 62%
Magic:  4/4        EV: 14    Int: 19    God:
Gold:   143        SH:  0    Dex: 13    Spells: 3/3 levels left

rFire    . . .     SeeInvis .   w - +0 dagger (curse)
rCold    . . .     Gourm    .   (no shield)
rNeg     + . .     Faith    +   b - +1 robe
rPois    .         Spirit   .   c - +2 hat
rElec    .         Reflect  .   h - +0 cloak
rCorr    .         Harm     .   (no gloves)
MR       .....                  d - +1 pair of boots
Stlth    +++.......             o - amulet of faith
HPRegen  0.10/turn              k - ring of positive energy
MPRegen  0.09/turn              u - +4 ring of strength

@: brilliant, berserk cooldown, studying Polearms, lightly drained
A: no striking features
a: no special abilities


You were on level 3 of the Dungeon.
You were hungry.

You visited 1 branch of the dungeon, and saw 3 of its levels.

You collected 143 gold pieces.

Inventory:

Hand Weapons
 a - a +0 whip
 r - a +2 dagger of draining
 w - a cursed +0 dagger (weapon)
Missiles
 i - 141 poisoned needles
Armour
 b - a +1 robe (worn)
 c - a +2 hat (worn)
 d - a +1 pair of boots (worn)
 h - a +0 cloak (worn)
Jewellery
 k - a ring of positive energy (left hand)
 o - an amulet of faith (around neck)
 u - a +4 ring of strength (right hand)
Wands
 A - a wand of polymorph (9)
Scrolls
 m - a scroll of identify
 n - 2 scrolls of fog
 p - 2 scrolls of blinking
Potions
 j - a potion of heal wounds
 t - 5 potions of curing
 x - a potion of brilliance
Books
 e - a manual of Polearms
Miscellaneous
 f - an ancient crate
Comestibles
 g - 6 rations {!d}


   Skills:
 + Level 1.6(1.3) Fighting
 + Level 0.4(0.2) Short Blades
 + Level 2.0(1.8) Maces & Flails
 + Level 4.2(4.0) Dodging
 + Level 4.5(4.2) Stealth


You had 3 spell levels left.
You didn't know any spells.
Your spell library was empty.

Dungeon Overview and Level Annotations

Branches:
Dungeon (3/12)

Altars:


Message History

You closely miss the gnoll.
The gnoll is severely wounded.
The gnoll closely misses you. The gnoll hits you but does no damage.
You hit the gnoll but do no damage.
The gnoll is severely wounded.
The gnoll hits you.
* * * LOW HITPOINT WARNING * * *
The gnoll hits you but does no damage.
You hit the gnoll but do no damage.
The gnoll is severely wounded.
The gnoll closely misses you.
You hit the gnoll.
The gnoll is severely wounded.
The gnoll hits you with a +0 club.
* * * LOW HITPOINT WARNING * * *
The gnoll closely misses you.
You hit the gnoll but do no damage.
The gnoll is severely wounded.
The gnoll hits you with a +0 club!
You die...

#..........#
#..#.#.............
#..........#
##.#.#.####.....#..
#..........# #...#.
#....?+.# ..........#
#...#.####.....###
.........#
#...#.#........#
.....####
#)..#.#........###
#######.#.#.<...........
......gg#†.......!....##
.......@#.........###(#
........#.......### #
........#..>....#####+##
........#.##.#.##.......
........#.##.#.##.......
........#.##.#§##.......
........#.##.#.##.......
##...##.#....#.#........
#.........).....


You could see 2 gnolls.

Vanquished Creatures
  A gnoll (D:3)
  An adder (D:3)
  2 oozes
  2 worms
  2 leopard geckos (D:1)
  An orc (D:2)
  A ball python (D:1)
  A giant cockroach (D:1)
  4 hobgoblins
  4 jackals (D:1)
  A quokka (D:1)
  2 bats (D:1)
  9 frilled lizards
  4 goblins
  6 kobolds
  4 rats
45 creatures vanquished.

Notes
Turn   | Place    | Note
-------+----------+-------------------------------------------
     0 | D:1      | Ebbett the Human Archaeologist began the quest for the Orb.
     0 | D:1      | Reached XP level 1. HP: 15/15 MP: 1/1
   131 | D:1      | Reached XP level 2. HP: 13/21 MP: 2/2
   351 | D:1      | Reached XP level 3. HP: 21/26 MP: 3/3
   936 | D:2      | Reached XP level 4. HP: 14/32 MP: 4/4
  1600 | D:3      | Slain by a gnoll

Skill      XL: |  1  2  3  4 |
---------------+-------------+-----
Stealth        | 4 |  4.5
Dodging        | 4 |  4.2
Maces & Flails | 2 |  2.0
Fighting       | |  1.6
Short Blades   | |  0.4

Action                   |  1- 3 |  4- 6 || total
-------------------------+-------+-------++-------
Melee: Whip              |   181 |       ||   181
       Dagger            |     4 |    69 ||    73
  Use: Potion            |       |     6 ||     6
       Scroll            |       |     5 ||     5
 Stab: Sleeping          |     7 |       ||     7
  Eat: Chunk             |       |     2 ||     2
Armor: Robe              |    75 |    17 ||    92
Dodge: Dodged            |   162 |    62 ||   224
